Map: Eternal Empire LE

Players

Massa - Winner!

  • Race: Terran Terran
  • League: Platinum
  • Spawn Location: 7:00

bebedyk

  • Race: Terran Terran
  • League: Diamond
  • Spawn Location: 1:00

VOD

Have the link to the VOD?

Description

Time

  • Played on: Sept. 25, 2020, 6:25 p.m.
  • Length: 16:07
Show
View Real Time Build Order
Export as new Build Order

Massa Terran - Winner!

Build Orders:  

Get SALT Encoding   

  12  0:00  SCV  
  13  0:12  SCV  
  14  0:19  Supply Depot  
  14  0:24  SCV  
  15  0:41  SCV  
  15  0:42  Barracks  
  16  0:53  SCV  
  16  0:54  Refinery  
  17  1:05  SCV  
  18  1:17  SCV  
  19  1:29  SCV  
  20  1:37  Reaper  
  21  1:41  Command Center  
  21  1:47  Orbital Command  
  21  2:09  Marine  
  22  2:16  SCV  
  22  2:18  Factory  
  23  2:33  Barracks Reactor  
  23  2:34  Supply Depot  
  23  2:45  Command Center  
  23  2:47  Supply Depot  
  23  2:53  Orbital Command  
  23  2:57  SCV  
  23  3:22  Hellion, Marine x2  
  23  3:40  Marine x2  
  21  3:43  Hellion  
  23  3:55  SCV x2  
  25  4:07  SCV  
  26  4:13  Starport  
  26  4:15  Hellion  
  26  4:16  Hellion  
  30  4:25  SCV  
  30  4:26  SCV x2  
  33  4:38  SCV  
  32  4:42  Marine  
  37  4:45  Hellion x2  
  37  4:47  SCV x2  
  37  4:50  SCV  
  40  4:58  Refinery  
  40  4:59  SCV x2, Marine  
  40  5:02  Supply Depot  
  39  5:15  Hellion  
  39  5:16  Hellion  
  39  5:20  Barracks Tech Lab  
  43  5:23  Medivac  
  45  5:35  Orbital Command  
  45  5:36  SCV x2  
  45  5:37  Hellion x2  
  45  5:42  Engineering Bay  
  51  5:47  Stimpack  
  51  5:48  SCV x2  
  51  6:00  SCV x2  
  52  6:12  SCV  
  53  6:19  Orbital Command  
  53  6:22  Refinery  
  53  6:27  SCV x2  
  53  6:30  Hellion x2  
  53  6:32  Marauder  
  61  6:34  Medivac  
  61  6:39  SCV x2  
  65  6:40  Barracks  
  65  6:50  Terran Infantry Armor Level 1, Barracks  
  65  6:51  SCV x2, Hellion  
  65  6:52  Hellion  
  65  6:54  SCV, Marauder  
  74  7:01  Refinery  
  73  7:03  SCV x2  
  73  7:06  SCV  
  73  7:10  Missile Turret  
  73  7:15  SCV  
  72  7:16  Missile Turret x2  
  72  7:18  Missile Turret  
  64  7:39  Missile Turret  
  64  7:42  Barracks Reactor, Barracks Tech Lab  
  66  7:44  Widow Mine x2  
  66  7:47  SCV x3  
  71  8:01  Missile Turret x2  
  73  8:05  Widow Mine  
  73  8:06  Widow Mine  
  75  8:14  SCV x2  
  75  8:18  Supply Depot  
  77  8:20  Supply Depot x2  
  77  8:40  SCV x3  
  74  8:52  SCV x2  
  74  8:54  Medivac  
  78  8:56  SCV  
  78  9:00  Refinery  
  78  9:02  Refinery  
  79  9:04  SCV x2  
  79  9:05  Engineering Bay  
  79  9:06  Terran Infantry Weapons Level 1  
  79  9:08  SCV  
  82  9:16  SCV x2  
  84  9:20  SCV  
  84  9:23  Missile Turret  
  84  9:24  Medivac  
  85  9:25  Refinery, Missile Turret  
  85  9:28  Missile Turret  
  87  9:35  Marine x3  
  87  9:36  Marine  
  95  9:38  Hellion x2  
  95  9:41  Combat Shield  
  95  9:43  Concussive Shells  
  95  9:51  Missile Turret  
  95  9:53  Marine x4, Missile Turret  
  95  9:58  Command Center  
  101  10:00  Hellion  
  101  10:09  Supply Depot  
  101  10:13  Supply Depot x2  
  101  10:17  Supply Depot  
  101  10:19  Supply Depot  
  101  10:22  Armory  
  101  10:24  Armory  
  101  10:31  Marine x3, Medivac  
  106  10:36  Supply Depot  
  106  10:38  Barracks  
  106  10:39  Supply Depot  
  106  10:42  SCV x3, Factory Tech Lab  
  109  10:44  Supply Depot  
  109  10:54  SCV x3  
  111  11:06  SCV x2  
  111  11:07  SCV  
  113  11:18  SCV x2  
  115  11:33  Orbital Command  
  113  11:40  Missile Turret  
  113  11:44  Missile Turret  
  113  11:46  Missile Turret  
  108  12:03  Missile Turret  
  108  12:07  Missile Turret x2  
  108  12:14  Marauder x2, Marine  
  108  12:15  Marine, Command Center  
  114  12:17  Marine x2  
  114  12:20  Siege Tank  
  114  12:22  Drilling Claws  
  119  12:25  Orbital Command  
  119  12:26  Viking  
  121  12:32  Marine x2  
  121  12:35  Marauder, Marine x2  
  121  12:36  Marauder  
  129  12:50  Marine x2  
  131  12:52  Marine, Siege Tank  
  131  12:53  Marine  
  131  12:56  Viking  
  131  12:57  Marauder, Marine  
  137  13:08  Marine x2  
  137  13:10  Marine  
  137  13:11  Marine  
  128  13:14  Marine  
  128  13:17  Marine  
  128  13:24  Siege Tank  
  129  13:32  Marine  
  130  13:35  Marine  
  130  13:40  Smart Servos  
  131  13:45  Marine  
  131  13:46  Marine x3  
  135  13:51  Marauder  
  135  13:54  Marauder  
  139  13:56  Orbital Command  
  137  14:03  Marine x2  
  137  14:04  Marine x2  
  141  14:12  Marauder  
  141  14:15  Marauder  
  145  14:21  Marine x3  
  148  14:26  Command Center  
  142  14:33  Marauder  
  142  14:35  Orbital Command  
  142  14:36  Marauder  
  142  14:55  Marauder  
  144  15:03  Viking  
  144  15:18  Starport  
  144  15:19  Starport  
  139  15:33  Viking  
Show
View Real Time Build Order
Export as new Build Order

bebedyk Terran 

Build Orders:  

Get SALT Encoding   

  12  0:02  SCV  
  13  0:14  SCV  
  13  0:18  Supply Depot  
  14  0:26  SCV  
  15  0:39  Refinery  
  15  0:45  Barracks  
  15  0:59  SCV  
  16  1:25  Barracks x2  
  16  1:31  Refinery  
  16  1:32  Reaper  
  17  1:45  SCV  
  18  1:57  SCV  
  19  2:04  Reaper  
  20  2:10  Orbital Command  
  20  2:13  Reaper  
  21  2:18  Reaper  
  22  2:30  Supply Depot  
  22  2:36  Reaper  
  23  2:52  SCV, Reaper x2  
  26  3:00  Supply Depot  
  26  3:04  SCV  
  27  3:08  Reaper  
  27  3:24  Reaper x2  
  28  3:47  Reaper  
  26  3:52  SCV, Factory  
  27  3:56  Reaper  
  27  3:58  Command Center  
  28  4:12  Reaper  
  28  4:15  SCV  
  30  4:27  SCV  
  30  4:30  Barracks Tech Lab  
  31  4:34  Barracks Reactor  
  30  4:40  SCV  
  31  4:47  Starport, Factory Tech Lab  
  31  4:52  SCV  
  32  4:53  Supply Depot  
  29  5:19  Stimpack  
  29  5:21  Marine x4  
  30  5:22  Factory Tech Lab  
  30  5:27  Orbital Command  
  30  5:28  SCV  
  34  5:32  Banshee  
  34  5:34  Cloaking Field  
  37  5:39  Marine  
  37  5:40  SCV  
  34  6:06  Siege Tank  
  34  6:09  Orbital Command  
  37  6:15  Supply Depot  
  37  6:16  Marine x4  
  41  6:24  SCV  
  42  6:34  Marine x3  
  42  6:36  Refinery, SCV  
  42  6:38  Supply Depot  
  46  6:42  Supply Depot  
  46  6:48  Banshee, SCV, Siege Tank  
  50  7:13  Marine x4  
  46  7:30  Marine  
  46  7:31  Marine x2  
  46  7:38  Banshee  
  46  7:40  Marine  
  50  7:46  SCV  
  50  7:48  Marine x2  
  50  7:49  Marine  
  54  7:52  SCV  
  54  7:58  SCV  
  56  7:59  Siege Tank  
  56  8:03  Marine  
  56  8:04  SCV  
  61  8:06  Marine  
  62  8:17  Marine  
  62  8:18  Marine  
  64  8:21  Marine  
  64  8:24  Fusion Core  
  61  8:49  SCV  
  61  8:53  Medivac  
  61  8:55  Marine x3  
  64  8:56  Marine  
  64  9:01  SCV  
  69  9:08  Refinery  
  69  9:13  SCV, Marine  
  69  9:15  Marine x2  
  69  9:16  Siege Tank  
  77  9:21  Starport  
  77  9:23  Medivac  
  78  9:24  Barracks Reactor  
  78  9:25  SCV  
  78  9:28  Supply Depot  
  78  9:29  Supply Depot  
  78  9:31  SCV, Marine  
  81  9:32  Marine  
  81  9:37  SCV  
  83  9:40  Command Center  
  83  9:43  SCV  
  85  9:47  Marauder  
  85  9:50  SCV, Marine  
  88  9:53  Supply Depot  
  88  9:54  Engineering Bay  
  88  9:58  Starport Tech Lab  
  85  10:00  Medivac  
  88  10:01  Marine x3  
  88  10:02  SCV  
  94  10:07  Marine  
  94  10:08  Marauder  
  97  10:17  Medivac  
  97  10:20  Marine x2  
  101  10:26  Terran Infantry Weapons Level 1  
  101  10:30  Marauder  
  103  10:39  Supply Depot  
  103  10:40  Supply Depot  
  103  10:41  Missile Turret x2  
  103  10:42  Marine  
  103  10:43  Marine x3  
  107  11:40  Orbital Command  
  107  11:42  SCV  
  70  11:54  SCV  
  70  11:58  Marine  
  70  11:59  Marine x4  
  73  12:02  Battlecruiser x2  
  73  12:06  SCV  
  86  12:09  SCV  
  87  12:16  Marine  
  87  12:17  Marine  
  87  12:18  SCV, Siege Tank  
  87  12:21  SCV  
  94  12:30  SCV  
  94  12:33  SCV  
  94  12:34  Marine x4  
  94  12:35  Marine  
  101  12:40  Orbital Command  
  101  12:42  SCV  
  102  12:45  SCV  
  103  12:51  Marine  
  103  12:52  Armory  
  103  12:54  Terran Infantry Armor Level 1  
  81  13:43  Battlecruiser x2  
  81  13:47  SCV  
  94  13:51  Marine x5  
  99  13:59  SCV  
  99  14:01  Siege Tank  
  101  14:03  Refinery  
  101  14:07  Refinery  
  101  14:08  Refinery, Marine  
  101  14:09  Marine x4  
  106  14:11  SCV  
  107  14:26  Marine  
  107  14:27  Marine x4  
  107  14:28  Command Center  
  109  14:33  SCV, Siege Tank  
  113  14:41  Missile Turret  
  113  14:44  Marine x3  
  117  14:48  Battlecruiser  
  117  14:49  Barracks  
  100  15:12  SCV  
  98  15:24  SCV  
  89  15:36  SCV  
Tags
 
Matchup
TvT
Race
Terran
Replay Pack
Multiplayer
Spawn Locations
Cross Positions
Add a new tag
Caveats
  • Supply blocks, unpowered buildings, or Contaminate may cause inaccurate times.
  • Supply counts are checked every 10 seconds.